 Dungeon Crawl Stone Soup version 0.31.0-11-ge490571c62 (webtiles) character file.

Game seed: 2106745502089191657

129 qw the Ducker (level 4, -5/22 HPs)
             Began as a Spriggan Hunter on Feb 3, 2024.
             Slain by Pikel
             ... wielding a +0 whip of flaming
              (7 damage)
             ... on level 4 of the Dungeon.
             The game lasted 00:00:07 (1883 turns).

qw the Ducker (Spriggan Hunter)                     Turns: 1883, Time: 00:00:07

Health: -5/22      AC:  2    Str:  7    XL:     4   Next: 88%
Magic:  5/5        EV: 20    Int: 10    God:
Gold:   248        SH:  0    Dex: 20    Spells: 3/3 levels left

rFire   . . .        a - +0 shortbow
rCold   + . .        (shield currently unavailable)
rNeg    . . .        c - +0 robe
rPois   .            (helmet restricted)
rElec   .            (no cloak)
rCorr   .            (gloves unavailable)
SInv    +            (boots unavailable)
Will    .....        (no amulet)
Stlth   ++           g - ring of protection from cold
HPRegen 0.23/turn    (no ring)
MPRegen 0.09/turn

%: no passive effects
@: very quick
A: very small, no large weapons, unfitting armour, see invisible, speed 3
a: no special abilities


You were on level 4 of the Dungeon.
You visited 1 branch of the dungeon, and saw 4 of its levels.

You collected 248 gold pieces.


Innate Abilities, Weirdness & Mutations

You are very small and have problems with some larger weapons.
You are too small for most types of armour.
You have supernaturally acute eyesight. (SInv)
You cover ground extremely quickly. (Speed+++)


   Skills:
 + Level 1.5 Fighting
 - Level 5.1 Ranged Weapons
 - Level 5.4 Dodging
 - Level 1.5 Stealth


You had 3 spell levels left.
You didn't know any spells.
Your spell library was empty.

Inventory:

Hand Weapons
 a - a +0 shortbow (weapon)
Armour
 c - a +0 robe (worn)
Jewellery
 g - a ring of protection from cold (left hand)
Scrolls
 b - a scroll of poison {unknown}
Potions
 d - 2 potions of enlightenment
 e - a potion of attraction {unknown}
 f - 2 potions of curing
 h - a potion of ambrosia {unknown}
 i - a potion of heal wounds {unknown}

Dungeon Overview and Level Annotations

Branches:
Dungeon (4/15)
 Temple: D:4-7

Altars:
Kikubaaqudgha
Trog

Annotations:
D:4 Pikel


Message History

The puff of flame misses Pikel.
The puff of flame hits the jelly.
The jelly is severely wounded.
Pikel misses you.
1878 ||| ZAPPING wand of flame (4) at 1,0 (Pikel; floor).
Aiming: Throw Flame
Press: ? - help, Q - select action, (/) - cycle Shift-Dir - straight line, f/p - Pikel The puff of flame hits Pikel.
Pikel is heavily wounded.
Pikel completely misses you.
1879 ||| ZAPPING wand of flame (3) at 1,0 (Pikel; floor).
Aiming: Throw Flame
Press: ? - help, Q - select action, (/) - cycle Shift-Dir - straight line, f/p - Pikel The puff of flame misses Pikel.
The puff of flame hits the jelly.
You kill the jelly!
Pikel misses you.
Your Dodging skill increases to level 5!
1880 ||| ZAPPING wand of flame (2) at 1,0 (Pikel; floor).
Aiming: Throw Flame
Press: ? - help, Q - select action, (/) - cycle Shift-Dir - straight line, f/p - Pikel The puff of flame hits Pikel.
Pikel is heavily wounded.
Pikel completely misses you.
1881 ||| ZAPPING wand of flame (1) at 1,0 (Pikel; floor).
Aiming: Throw Flame
Press: ? - help, Q - select action, (/) - cycle Shift-Dir - straight line, f/p - Pikel The puff of flame hits Pikel.
Pikel is severely wounded.
The now-empty wand crumbles to dust.
Pikel misses you.
You shoot an arrow. The arrow closely misses Pikel.
The arrow barely misses the lemure.
The arrow hits the lemure but does no damage.
Pikel closely misses you.
Pikel hits you with a +0 whip of flaming.
Pikel burns you.
You shoot an arrow. The arrow closely misses Pikel.
The arrow hits the lemure!
The lemure is moderately wounded.
Pikel hits you with a +0 whip of flaming!
You die...
Pikel says, "See you in Hell!"

##..# ##..##
#...# .. ##..##
#.. ##..## ##..
###...## #...
#......### #..#
#.#####.).####..#
# ###.@K55.#
####5.## ##.#
#......5.
##.....K. J......
.)..... .......
.......


You could see Pikel and 3 lemures.

Vanquished Creatures
  A lemure (D:4)
  A jelly (D:4)
  5 adders
  3 dart slugs
  A ribbon worm (D:2)
  2 orcs
  3 ball pythons
  6 bats
  2 endoplasms (D:2)
  2 giant cockroaches
  4 goblins
  4 hobgoblins
  4 jackals (D:1)
  2 frilled lizards
  2 kobolds
  5 rats
47 creatures vanquished.

Notes
Turn   | Place    | Note
-------+----------+-------------------------------------------
     0 | D:1      | qw the Spriggan Hunter began the quest for the Orb.
     0 | D:1      | Reached XP level 1. HP: 10/10 MP: 2/2
     0 | D:1      | 0 ||| qw: Version: 0.3-a-157-g843a77d
     0 | D:1      | 0 ||| qw: Game counter: 3758
     0 | D:1      | 0 ||| qw: Melee chars always use a shield: true
     0 | D:1      | 0 ||| qw: God list: Okawaru
     0 | D:1      | 0 ||| qw: Allow faded altars: false
     0 | D:1      | 0 ||| qw: Do Orc after clearing Dungeon:15 true
     0 | D:1      | 0 ||| qw: Do second Lair branch before Depths: true
     0 | D:1      | 0 ||| qw: Lair rune preference: random
     0 | D:1      | 0 ||| qw: Goals: Normal
     0 | D:1      | 0 ||| PLANNING D:1-11
    43 | D:1      | Reached skill level 3 in Dodging
    57 | D:1      | Reached XP level 2. HP: 9/14 MP: 3/3
   467 | D:1      | 467 ||| READING scroll labelled QEAXIEPASO.
   472 | D:1      | 472 ||| READING scroll labelled LAAWKI RAIPLA.
   472 | D:1      | 472 ||| IDENTIFYING bubbling yellow potion
   473 | D:1      | 473 ||| DRINKING 2 bubbling amethyst potions.
   474 | D:1      | 474 ||| DROPPING scroll of butterflies.
   555 | D:2      | Reached XP level 3. HP: 18/18 MP: 4/4
   580 | D:2      | Found a faded altar of an unknown god.
   668 | D:2      | Identified the +2 flail "Honeum" {vamp, rElec rC++ Dex+3}
   760 | D:2      | 760 ||| FLEEEEING.
   763 | D:2      | 763 ||| FLEEEEING.
   764 | D:2      | 764 ||| FLEEEEING.
   765 | D:2      | 765 ||| FLEEEEING.
   766 | D:2      | 766 ||| FLEEEEING.
   767 | D:2      | 767 ||| FLEEEEING.
   768 | D:2      | 768 ||| FLEEEEING.
   769 | D:2      | 769 ||| FLEEEEING.
   770 | D:2      | 770 ||| FLEEEEING.
   773 | D:2      | 773 ||| FLEEEEING.
   774 | D:2      | 774 ||| FLEEEEING.
   779 | D:2      | Reached XP level 4. HP: 15/22 MP: 5/5
  1264 | D:2      | 1264 ||| UPGRADING to ring of protection from cold.
  1265 | D:2      | 1265 ||| READING scroll of identify.
  1265 | D:2      | 1265 ||| IDENTIFYING silvery potion
  1266 | D:2      | 1266 ||| READING scroll labelled POQINWOEBB.
  1267 | D:2      | 1267 ||| DROPPING potion of degeneration.
  1549 | D:3      | Found an ancient bone altar of Kikubaaqudgha.
  1554 | D:3      | Found a bloodstained altar of Trog.
  1774 | D:3      | 1774 ||| READING scroll labelled HIXOG NUTIE.
  1856 | D:4      | Noticed a lemure
  1857 | D:4      | 1857 ||| ZAPPING wand of flame (18) at 7,2 (lemure; floor).
  1858 | D:4      | 1858 ||| ZAPPING wand of flame (17) at 6,1 (lemure; floor).
  1858 | D:4      | Noticed a lemure
  1858 | D:4      | Noticed a lemure
  1859 | D:4      | 1859 ||| RETREEEEATING.
  1860 | D:4      | Noticed Pikel
  1861 | D:4      | 1861 ||| RETREEEEATING.
  1863 | D:4      | 1863 ||| RETREEEEATING.
  1864 | D:4      | 1864 ||| RETREEEEATING.
  1865 | D:4      | 1865 ||| RETREEEEATING.
  1866 | D:4      | 1866 ||| ZAPPING wand of flame (16) at 4,3 (lemure; floor).
  1867 | D:4      | 1867 ||| ZAPPING wand of flame (15) at 3,2 (lemure; floor).
  1868 | D:4      | 1868 ||| ZAPPING wand of flame (14) at 2,1 (lemure; floor).
  1869 | D:4      | 1869 ||| ZAPPING wand of flame (13) at 1,0 (lemure; floor).
  1870 | D:4      | 1870 ||| ZAPPING wand of flame (12) at 1,0 (lemure; floor).
  1871 | D:4      | 1871 ||| ZAPPING wand of flame (11) at 1,0 (lemure; floor).
  1871 | D:4      | Noticed a lemure
  1872 | D:4      | 1872 ||| ZAPPING wand of flame (10) at 1,0 (lemure; floor).
  1873 | D:4      | 1873 ||| ZAPPING wand of flame (9) at 1,0 (lemure; floor).
  1873 | D:4      | Killed a lemure
  1874 | D:4      | 1874 ||| ZAPPING wand of flame (8) at 1,0 (Pikel; floor).
  1875 | D:4      | 1875 ||| ZAPPING wand of flame (7) at 1,0 (Pikel; floor).
  1876 | D:4      | 1876 ||| ZAPPING wand of flame (6) at 1,0 (Pikel; floor).
  1877 | D:4      | 1877 ||| ZAPPING wand of flame (5) at 1,0 (Pikel; floor).
  1878 | D:4      | 1878 ||| ZAPPING wand of flame (4) at 1,0 (Pikel; floor).
  1879 | D:4      | 1879 ||| ZAPPING wand of flame (3) at 1,0 (Pikel; floor).
  1880 | D:4      | 1880 ||| ZAPPING wand of flame (2) at 1,0 (Pikel; floor).
  1881 | D:4      | 1881 ||| ZAPPING wand of flame (1) at 1,0 (Pikel; floor).
  1882 | D:4      | HP: 3/22 [Pikel/+0 whip of flaming (5)]
  1883 | D:4      | Slain by Pikel

Levels and vault maps discovered:
D:1:      lightli_arrival_statuegarden, layout_rooms, st_stairs_13,
          minmay_stone_trees_small, chequers_avenue, dreamdust_wishing_well
D:2:      layout_loops_ring, basic_ecumenical_altar, corexii_corridor_pit
D:3:      layout_basic, nicolae_overflow_squiral, grunt_decor_arrowhead
D:4:      layout_cave_pods, minmay_temple_entry_mist, serial_shops,
          nicolae_stop_n_shop_1, nicolae_zen_rock_garden, uniq_pikel

Skill      XL: |  1  2  3  4 |
---------------+-------------+-----
Dodging        | 3 4 5 |  5.4
Ranged Weapons | 5 |  5.1
Fighting       | |  1.5
Stealth        | |  1.5

Action                     |  1- 3 |  4- 6 || total
---------------------------+-------+-------++-------
   Fire: Shortbow          |    92 |    30 ||   122
  Evoke: Wand              |       |    18 ||    18
    Use: Scroll            |     2 |     3 ||     5
         Potion            |     1 |       ||     1
 Armour: Robe              |    10 |     4 ||    14
  Dodge: Dodged            |    40 |    18 ||    58

Table legend:
 A = Non-vault XP
 B = Vault XP
 C = Vault XP percentage of total XP
 D = Non-vault monster count
 E = Vault monster count
 F = Vault count percentage of total count
                 A         B        C        D         E       F
            +---------+---------+-------+---------+---------+-------
      Total |     181 |       4 |   2.2 |      45 |       1 |   2.2
            +---------+---------+-------+---------+---------+-------
        D:1 |      32 |       4 |  11.1 |      17 |       1 |   5.6
        D:2 |      70 |       0 |   0.0 |      20 |       0 |   0.0
        D:3 |      18 |       0 |   0.0 |       4 |       0 |   0.0
        D:4 |      61 |       0 |   0.0 |       4 |       0 |   0.0
            +---------+---------+-------+---------+---------+-------
